[Event "ICC tourney 2148 (70 10)"]
[Site "Internet Chess Club"]
[Date "2020.11.22"]
[Round "5"]
[White "jonathanxu"]
[Black "KottertheOtter"]
[Result "1-0"]
[ICCResult "Black resigns"]
[WhiteElo "659"]
[BlackElo "883"]
[Opening "French: advance, Nimzovich system"]
[ECO "C02"]
[NIC "FR.03"]
[Time "16:08:07"]
[TimeControl "4200+10"]

1. e4 e6 2. d4 d5 3. e5 c5 4. Nf3 Nc6 5. Bb5 Bd7 6. Bxc6 Bxc6 7. O-O Qa5 8.
c3 O-O-O 9. Ng5 Qc7 10. Qf3 Nh6 11. Bd2 Rd7 12. Be3 Nf5 13. Nd2 h6 14. Nh3
Be7 15. b3 Nxe3 16. Qxe3 f6 17. dxc5 g5 18. exf6 Bf8 19. f4 g4 20. Nf2 h5
21. Qxe6 Rh7 22. Qe5 Qd8 23. Rfe1 Rdf7 24. Qf5+ Bd7 25. Qxd5 Rxf6 26. Nde4
Rxf4 27. Nd6+ Bxd6 28. Qxd6 Rhf7 29. Rf1 R7f6 30. Qd2 Qf8 31. Rad1 Rf7 32.
b4 Bb5 33. g3 Rf3 34. Qd5 Bxf1 35. Ne4 Bh3 36. Nd6+ Kb8 37. Nxf7 Rxf7 38.
Qd6+ Qxd6 39. cxd6 Kc8 40. d7+ Kd8 41. c4 b6 42. c5 h4 43. c6 hxg3 44. hxg3
a6 45. c7+ Kxc7 46. d8=Q+ Kc6 47. Qd5+ {Black resigns} 1-0

[Event "ICC tourney 2148 (70 10)"]
[Site "Internet Chess Club"]
[Date "2020.11.22"]
[Round "5"]
[White "truelegend17"]
[Black "danamby"]
[Result "0-1"]
[ICCResult "White resigns"]
[WhiteElo "881"]
[BlackElo "1061"]
[Opening "two knights defense: Bogolyubov variation"]
[ECO "C58"]
[NIC "KP.01"]
[Time "16:08:17"]
[TimeControl "4200+10"]

1. e4 e5 2. Nf3 Nc6 3. Bc4 Nf6 4. Ng5 d5 5. exd5 Na5 6. Bb5+ c6 7. dxc6 bxc6
8. Qf3 Qb6 9. Nc3 Bg4 10. Qg3 cxb5 11. Qxe5+ Be7 12. Qxb5+ Qxb5 13. Nxb5 O-O
14. f3 Bf5 15. Nd4 Bg6 16. O-O Bc5 17. c3 Nc6 18. Kh1 Nxd4 19. cxd4 Bxd4 20.
Re1 Bd3 21. g3 Rae8 22. Rd1 h6 23. Nh3 Be2 24. Ng1 Bxd1 {White resigns} 0-1

[Event "ICC tourney 2148 (70 10)"]
[Site "Internet Chess Club"]
[Date "2020.11.22"]
[Round "5"]
[White "Minidog201"]
[Black "RomirIsCool"]
[Result "0-1"]
[ICCResult "White checkmated"]
[WhiteElo "712"]
[BlackElo "108"]
[Opening "Sicilian: Smith-Morra gambit"]
[ECO "B21"]
[NIC "SI.48"]
[Time "16:08:20"]
[TimeControl "4200+10"]

1. e4 c5 2. d4 cxd4 3. c3 dxc3 4. Nxc3 Nc6 5. Bc4 e5 6. Nf3 Bc5 7. Ng5 Nh6
8. O-O O-O 9. Nf3 Re8 10. Bxh6 gxh6 11. Nh4 Qxh4 12. Qf3 Rf8 13. Nd5 d6 14.
b4 Nxb4 15. Nxb4 Bxb4 16. Rab1 Bc5 17. Rb3 Bg4 18. Qg3 Qxg3 19. Rxg3 h5 20.
h3 Kh8 21. hxg4 hxg4 22. Rxg4 f5 23. exf5 Rxf5 24. Bd3 Rf6 25. g3 Raf8 26.
Bc4 Rxf2 27. Rxf2 Bxf2+ 28. Kf1 Bxg3+ 29. Kg2 Bf4 30. Kh3 Rd8 31. Rh4 d5 32.
Bd3 e4 33. Bc2 Bd2 34. Kg4 Rd7 35. Kf5 e3 36. Bd3 Re7 37. Rh2 Rf7+ 38. Ke6
Rf2 39. Rxh7+ Kg8 40. Rxb7 e2 41. Rb8+ Kg7 42. Rb7+ Kh6 43. Rh7+ Kg5 44.
Rg7+ Kh4 45. Rh7+ Kg4 46. Rg7+ Bg5 47. Bxe2+ Rxe2+ 48. Kxd5 Rxa2 49. Rb7 a5
50. Rb1 Kf5 51. Rf1+ Kg6 52. Ke6 a4 53. Rf8 a3 54. Rg8+ Kh5 55. Kf5 Rf2+ 56.
Ke4 a2 57. Rh8+ Kg4 58. Rh7 a1=Q 59. Rg7 Qxg7 60. Kd5 Qe7 61. Kc6 Rd2 62.
Kb6 Qb4+ 63. Kc6 Rd6+ 64. Kc7 Qc5+ 65. Kb7 Rb6+ 66. Ka7 Qa5# {White
checkmated} 0-1

[Event "ICC tourney 2148 (70 10)"]
[Site "Internet Chess Club"]
[Date "2020.11.22"]
[Round "5"]
[White "arjunbidani"]
[Black "Phineashrad"]
[Result "1-0"]
[ICCResult "Black checkmated"]
[WhiteElo "601"]
[BlackElo "1027"]
[Opening "Giuoco Piano"]
[ECO "C50"]
[NIC "IG.02"]
[Time "16:08:33"]
[TimeControl "4200+10"]

1. e4 e5 2. Nf3 Nc6 3. Bc4 Bc5 4. O-O Nf6 5. d3 h6 6. c3 d6 7. h3 Be6 8.
Bxe6 fxe6 9. Be3 Bb6 10. Bxb6 axb6 11. Qb3 Qd7 12. Nh4 Na5 13. Qd1 Qf7 14.
f4 exf4 15. Rxf4 e5 16. Qa4+ Qd7 17. Qxd7+ Nxd7 18. Rf2 Nb3 19. Ng6 Rg8 20.
axb3 Rxa1 21. Rf1 Nf8 22. Nh4 Ne6 23. Nf3 Nf4 24. d4 exd4 25. cxd4 Ra2 26.
Rf2 Nd3 27. Rd2 Rxb2 28. Rxb2 Nxb2 29. Kf2 Rf8 30. Ke2 Rf4 31. Nc3 Rf6 32.
Kd2 Rg6 33. Nh4 Rg3 34. Kc2 g5 35. Ne2 Re3 36. Kd2 Rxe4 37. Nf5 Rf4 38. Nxf4
gxf4 39. Kc2 f3 40. gxf3 Nd3 41. Kxd3 Kf7 42. Nxh6+ Kg6 43. Ng4 Kf5 44. Ke3
Kg5 45. Nf2 d5 46. Nd3 c6 47. b4 b5 48. Nc5 b6 49. Nd7 Kh4 50. f4 Kxh3 51.
f5 Kg4 52. f6 Kg5 53. f7 Kg6 54. f8=Q c5 55. bxc5 bxc5 56. dxc5 b4 57. c6 b3
58. c7 b2 59. Qf1 b1=Q 60. Qxb1+ Kf7 61. c8=Q d4+ 62. Kxd4 Ke6 63. Qb6+ Kf5
64. Qcc5+ Kf4 65. Qe5+ Kf3 66. Qb3+ Kf2 67. Qee3+ Kg2 68. Qb2+ Kf1 69. Qec1#
{Black checkmated}
1-0

[Event "ICC tourney 2148 (70 10)"]
[Site "Internet Chess Club"]
[Date "2020.11.22"]
[Round "5"]
[White "meiyab"]
[Black "aravsaksena"]
[Result "1-0"]
[ICCResult "Black checkmated"]
[WhiteElo "962"]
[BlackElo "1092"]
[Opening "Giuoco Pianissimo: Italian four knights variation"]
[ECO "C28"]
[NIC "VG.04"]
[Time "16:08:29"]
[TimeControl "4200+10"]

1. e4 e5 2. Nc3 Nc6 3. Bc4 Nf6 4. Nf3 Bc5 5. d3 O-O 6. Bg5 Be7 7. O-O d6 8.
h3 Nd4 9. Be3 c6 10. Nxd4 exd4 11. Bxd4 d5 12. Bxf6 Bxf6 13. exd5 cxd5 14.
Bb3 Be6 15. d4 Qb6 16. Ne2 Rfe8 17. c3 Qb5 18. Ba4 Qa6 19. Bxe8 Rxe8 20. Nf4
Qd6 21. Nxe6 Rxe6 22. Re1 Rxe1+ 23. Qxe1 g6 24. Qe3 Bd8 25. Re1 Bc7 26. g3
Kg7 27. Qe5+ Qxe5 28. dxe5 f6 29. e6 Kf8 30. Kg2 Ke7 31. Kf3 f5 32. g4 h6
33. gxf5 gxf5 34. Re3 h5 35. Re1 f4 36. b3 b6 37. c4 dxc4 38. bxc4 a6 39.
Re4 a5 40. Ke2 a4 41. Kd3 Bd6 42. Kd4 Bc5+ 43. Kd5 Bxf2 44. Rxf4 Bc5 45.
Rf7+ Ke8 46. Rh7 a3 47. Rxh5 Be7 48. Rh8+ Bf8 49. h4 Ke7 50. h5 Bg7 51. Rh7
Kf6 52. h6 Kg6 53. Rxg7+ Kxh6 54. Rc7 Kg6 55. Ke5 Kh6 56. e7 Kg5 57. e8=Q
Kh6 58. Rc6+ Kh7 59. Qd7+ Kh8 60. Rc8# {Black checkmated} 1-0

[Event "ICC tourney 2148 (70 10)"]
[Site "Internet Chess Club"]
[Date "2020.11.22"]
[Round "5"]
[White "tundrarules"]
[Black "WhitneyYocps2"]
[Result "1-0"]
[ICCResult "Black resigns"]
[WhiteElo "1114"]
[BlackElo "1162"]
[Opening "French: exchange variation"]
[ECO "C01"]
[NIC "FR.01"]
[Time "16:08:13"]
[TimeControl "4200+10"]

1. e4 e6 2. d4 d5 3. exd5 exd5 4. Nf3 Nf6 5. Nc3 Bb4 6. Bf4 O-O 7. Bd3 Re8+
8. Ne5 Bg4 9. f3 Bh5 10. O-O c6 11. Re1 Qb6 12. Kf1 Qxd4 13. Bxh7+ Kxh7 14.
Qxd4 c5 15. Qd3+ Kg8 16. a3 Bxc3 17. Qxc3 {Black resigns} 1-0

[Event "ICC tourney 2148 (70 10)"]
[Site "Internet Chess Club"]
[Date "2020.11.22"]
[Round "5"]
[White "CommanderWolffe"]
[Black "ccec28"]
[Result "1-0"]
[ICCResult "Black checkmated"]
[WhiteElo "1123"]
[BlackElo "815"]
[Opening "Vienna game"]
[ECO "C26"]
[NIC "VG.02"]
[Time "16:08:33"]
[TimeControl "4200+10"]

1. e4 e5 2. Nc3 Nf6 3. Bc4 Bc5 4. h3 Nc6 5. Nf3 d6 6. d3 O-O 7. Bg5 h6 8.
Bh4 a6 9. Nd5 Qd7 10. Bxf6 b5 11. Bb3 Nd4 12. O-O Bb7 13. Ne7+ Kh8 14. Ng5
Nxb3 15. Qh5 Qe8 16. Bxg7+ Kxg7 17. Nf5+ Kg8 18. Qxh6 f6 19. Qg7#
{Black checkmated}
1-0

[Event "ICC tourney 2148 (70 10)"]
[Site "Internet Chess Club"]
[Date "2020.11.22"]
[Round "5"]
[White "AlanLeung"]
[Black "mewto12345"]
[Result "1-0"]
[ICCResult "Black resigns"]
[WhiteElo "1020"]
[BlackElo "1254"]
[Opening "Giuoco Piano"]
[ECO "C54"]
[NIC "IG.02"]
[Time "16:08:08"]
[TimeControl "4200+10"]

1. e4 e5 2. Nf3 Nc6 3. Bc4 Bc5 4. c3 Nf6 5. d4 exd4 6. cxd4 Bb4+ 7. Bd2
Bxd2+ 8. Nbxd2 d6 9. d5 Ne5 10. Bb5+ Bd7 11. Qa4 a6 12. Bxd7+ Qxd7 13. Qb3
b6 14. O-O Qb5 15. Qc3 Qc5 16. Qxc5 bxc5 17. Nxe5 dxe5 18. Rfc1 Rb8 19. b3
Rb5 20. a4 Ra5 21. Nc4 Nxe4 22. Nxa5 Kd7 23. f3 Nf6 24. Rxc5 Rb8 25. Rac1
Rc8 26. Nc4 e4 27. Ne5+ Kd6 28. Nxf7+ Kd7 29. d6 c6 30. Ne5+ Kxd6 31. Rxc6+
Rxc6 32. Nxc6 e3 33. Nd4 Ke5 34. Nc2 Nd5 35. Re1 Kf4 36. Kf1 a5 37. Ke2 Nc3+
38. Kd3 {Black resigns} 1-0

[Event "ICC tourney 2148 (70 10)"]
[Site "Internet Chess Club"]
[Date "2020.11.22"]
[Round "5"]
[White "Deng20"]
[Black "DavidFantin"]
[Result "1-0"]
[ICCResult "Black resigns"]
[WhiteElo "797"]
[BlackElo "1052"]
[Opening "French: advance variation"]
[ECO "C02"]
[NIC "FR.03"]
[Time "16:08:01"]
[TimeControl "4200+10"]

1. e4 e6 2. d4 d5 3. e5 c5 4. c3 Nc6 5. Be3 Qb6 6. Qb3 c4 7. Qxb6 axb6 8.
Nd2 Nge7 9. Ngf3 Nf5 10. Be2 Be7 11. O-O O-O 12. h3 Bd7 13. b3 Na5 14. bxc4
dxc4 15. Bxc4 Nxc4 16. Nxc4 Bb5 17. Nxb6 Ra6 18. Rfb1 Rxb6 19. c4 Nxe3 20.
fxe3 Ra8 21. cxb5 Ra5 22. a4 h6 23. Nd2 Bg5 24. Nc4 Bf4 25. exf4 {Black
resigns} 1-0

[Event "ICC tourney 2148 (70 10)"]
[Site "Internet Chess Club"]
[Date "2020.11.22"]
[Round "5"]
[White "shawnchicken"]
[Black "Purpleshenice"]
[Result "1-0"]
[ICCResult "Black checkmated"]
[WhiteElo "1300"]
[BlackElo "825"]
[Opening "Nimzo-Indian: classical variation"]
[ECO "E32"]
[NIC "NI.24"]
[Time "16:08:30"]
[TimeControl "4200+10"]

1. d4 Nf6 2. c4 e6 3. Nc3 Bb4 4. Qc2 Na6 5. Bg5 c5 6. dxc5 Nxc5 7. Nf3 h6 8.
Bh4 d5 9. cxd5 Qxd5 10. Bxf6 gxf6 11. e3 Bxc3+ 12. Qxc3 e5 13. Bc4 Qd7 14.
Nxe5 fxe5 15. Qxe5+ Qe7 16. Qxh8+ Kd7 17. O-O Kc7 18. Qxh6 Kb8 19. Qf4+ Qc7
20. Qxc7+ Kxc7 21. Bxf7 Bd7 22. Rac1 b6 23. b4 Rf8 24. Bb3 Bb5 25. Rfd1 Be2
26. bxc5 Bxd1 27. cxb6+ Kxb6 28. Rxd1 Rc8 29. h4 Rh8 30. g3 a5 31. f4 Re8
32. Kf2 Kb5 33. g4 a4 34. Bxa4+ Kxa4 35. g5 Re4 36. h5 Re6 37. h6 Rg6 38. h7
Rc6 39. h8=Q Rc2+ 40. Kf3 Rxa2 41. Rb1 Ka3 42. Qa8# {Black checkmated} 1-0

[Event "ICC tourney 2148 (70 10)"]
[Site "Internet Chess Club"]
[Date "2020.11.22"]
[Round "5"]
[White "thomasamdur"]
[Black "MRZNA"]
[Result "0-1"]
[ICCResult "White resigns"]
[WhiteElo "890"]
[BlackElo "1197"]
[Opening "King's Indian: Sämisch, 6...Nc6"]
[ECO "E83"]
[NIC "KI.36"]
[Time "16:08:36"]
[TimeControl "4200+10"]

1. d4 Nf6 2. c4 g6 3. Nc3 Bg7 4. e4 O-O 5. f3 d6 6. Be3 Nc6 7. Bd3 e5 8. d5
Ne7 9. Nge2 c6 10. O-O Ne8 11. b4 f5 12. c5 cxd5 13. exd5 dxc5 14. bxc5 Nf6
15. Bc4 Kh8 16. d6 Nc6 17. Bg5 Bd7 18. Nd5 Qa5 19. Ne7 Qxc5+ 20. Kh1 Qxc4
21. Rc1 Qf7 22. f4 Nxe7 23. fxe5 Ned5 24. Nd4 Ne4 25. g4 Nxg5 26. Qd2
{White resigns}
0-1

[Event "ICC tourney 2148 (70 10)"]
[Site "Internet Chess Club"]
[Date "2020.11.22"]
[Round "5"]
[White "smalugu"]
[Black "summivj"]
[Result "0-1"]
[ICCResult "White checkmated"]
[WhiteElo "751"]
[BlackElo "159"]
[Opening "Giuoco Piano"]
[ECO "C54"]
[NIC "IG.02"]
[Time "16:08:24"]
[TimeControl "4200+10"]

1. e4 e5 2. Nf3 Nc6 3. Bc4 Bc5 4. c3 Nf6 5. d4 exd4 6. cxd4 Bb4+ 7. Bd2
Bxd2+ 8. Nbxd2 O-O 9. O-O Re8 10. Re1 d6 11. h3 Na5 12. Bb5 c6 13. Bd3 c5
14. d5 c4 15. Bc2 Qb6 16. Rb1 Qd8 17. b4 c3 18. Nf1 Nc4 19. Bd3 c2 20. Qxc2
Na3 21. Qb3 Nxb1 22. Rxb1 Nxe4 23. Bb5 Qb6 24. Bxe8 Qxf2+ 25. Kh1 Bf5 26.
Qa4 Ng3+ 27. Nxg3 Bxb1 28. Qd7 Bg6 29. Nh4 Qe1+ 30. Kh2 Rxe8 31. Nxg6 hxg6
32. Qxb7 Re3 33. Qc8+ Kh7 34. Qg4 Re8 35. Qh4+ Kg8 36. Qg4 Qa1 37. Ne4 Qe5+
38. Ng3 Qxd5 39. Qf4 Rd8 40. a3 Qb3 41. Ne4 d5 42. Nd6 d4 43. Qxd4 Qe6 44.
Qxa7 Qxd6+ 45. Kg1 Qf4 46. Qf2 Rd1+ 47. Qf1 Rxf1# {White checkmated} 0-1

[Event "ICC tourney 2148 (70 10)"]
[Site "Internet Chess Club"]
[Date "2020.11.22"]
[Round "5"]
[White "Ojas2020"]
[Black "siddh2012"]
[Result "1-0"]
[ICCResult "Black resigns"]
[WhiteElo "940"]
[BlackElo "956"]
[Opening "QGD: Harrwitz attack"]
[ECO "D35"]
[NIC "QO.16"]
[Time "16:08:22"]
[TimeControl "4200+10"]

1. d4 d5 2. c4 e6 3. Nc3 Nf6 4. Bf4 a6 5. Nf3 Nc6 6. e3 Bb4 7. Bg5 O-O 8.
Bd3 h6 9. Bh4 Re8 10. O-O e5 11. dxe5 Nxe5 12. Nxd5 Be7 13. Nxe5 Nxd5 14.
Bxe7 Nxe7 15. h3 Nf5 16. Bxf5 Bxf5 17. Nf3 Qf6 18. Nd4 Rad8 19. Qf3 Bd3 20.
Qxf6 gxf6 21. Rfd1 Bxc4 22. Rdc1 Bd5 23. Rxc7 Kf8 24. a3 Re7 25. Rac1 Rxc7
26. Rxc7 Ke8 27. Kf1 Rd7 28. Rc8+ Ke7 29. Ke2 Bxg2 30. h4 Rd8 31. Rxd8 Kxd8
32. f3 Bh3 33. Kd3 Bd7 34. Kc4 Kc7 35. Kb4 Kb6 36. b3 a5+ 37. Kc4 h5 38. b4
axb4 39. Kxb4 Bc8 40. a4 Bd7 41. a5+ Ka6 42. Nb3 Bc6 43. f4 Bd5 44. Nc5+ Ka7
45. Kb5 Bc6+ 46. Kb4 Bd5 47. Kc3 Kb8 48. Nd7+ Kc7 49. Nxf6 Kd6 50. Nxh5
{Black resigns}
1-0

[Event "ICC tourney 2148 (70 10)"]
[Site "Internet Chess Club"]
[Date "2020.11.22"]
[Round "5"]
[White "vivekanand"]
[Black "pintormjajeff"]
[Result "1-0"]
[ICCResult "Black resigns"]
[WhiteElo "346"]
[BlackElo "906"]
[Opening "Ruy Lopez: Berlin defense, 4.O-O"]
[ECO "C65"]
[NIC "RL.07"]
[Time "16:08:55"]
[TimeControl "4200+10"]

1. e4 e5 2. Nf3 Nc6 3. Bb5 Nf6 4. O-O Ng4 5. h3 h5 6. c3 a6 7. Bc4 Bc5 8. d4
exd4 9. cxd4 b5 10. Bxf7+ Kxf7 11. dxc5 Nf6 12. Qb3+ d5 13. exd5 Nxd5 14.
Nc3 Na5 15. Qxd5+ Qxd5 16. Nxd5 Rd8 17. Nc3 Kg8 18. b4 Nc6 19. a3 Rf8 20.
Bb2 Bxh3 21. gxh3 Rxf3 22. Kg2 Raf8 23. Ne2 h4 24. Ng1 Rb3 25. Rab1 Ne7 26.
f4 Rg3+ 27. Kh2 Ng6 28. f5 Ne7 29. f6 Nd5 30. f7+ Rxf7 31. Rxf7 Kxf7 32.
Rf1+ Kg8 33. Rf3 Rg5 34. Ne2 Re5 35. Bxe5 Ne7 36. Bxc7 Nd5 37. Bd6 Nf6 38.
Nd4 a5 39. bxa5 b4 40. axb4 Ne4 41. b5 Nxd6 42. cxd6 {Black resigns} 1-0

[Event "ICC tourney 2148 (70 10)"]
[Site "Internet Chess Club"]
[Date "2020.11.22"]
[Round "5"]
[White "PeterT"]
[Black "gpiano"]
[Result "0-1"]
[ICCResult "White checkmated"]
[WhiteElo "451"]
[BlackElo "1063"]
[Opening "Sicilian: closed"]
[ECO "B23"]
[NIC "SI.44"]
[Time "16:08:42"]
[TimeControl "4200+10"]

1. e4 c5 2. Nc3 d6 3. Bc4 Nf6 4. d3 g6 5. Bf4 Bg7 6. Nf3 O-O 7. O-O Nc6 8.
Qe2 Bg4 9. Rad1 Bxf3 10. Qxf3 a6 11. Rfe1 b5 12. Bd5 Nxd5 13. Nxd5 Nd4 14.
Qg3 Nxc2 15. Rd2 Nd4 16. Be3 e6 17. Bxd4 cxd4 18. Nb4 a5 19. Nc6 Qd7 20. Rc1
Rfc8 21. Rdc2 Ra6 22. Qf3 Raxc6 23. Rxc6 Rxc6 24. Rxc6 Qxc6 25. h3 Qc1+ 26.
Kh2 Qxb2 27. Qf4 Be5 28. g3 Bxf4 29. gxf4 Qxf2+ 30. Kh1 Qxf4 31. Kg2 Qd2+
32. Kf3 Qxd3+ 33. Kf4 e5+ 34. Kg4 Qxe4+ 35. Kg5 d3 36. h4 d2 37. h5 d1=Q 38.
Kh6 Qd2# {White checkmated} 0-1

[Event "ICC tourney 2148 (70 10)"]
[Site "Internet Chess Club"]
[Date "2020.11.22"]
[Round "5"]
[White "dolphins4life"]
[Black "RahulPeesa"]
[Result "1/2-1/2"]
[ICCResult "Game drawn by mutual agreement"]
[WhiteElo "796"]
[BlackElo "1259"]
[Opening "Caro-Kann: Panov-Botvinnik attack, 5...e6"]
[ECO "B14"]
[NIC "CK.02"]
[Time "16:08:21"]
[TimeControl "4200+10"]

1. e4 c6 2. d4 d5 3. exd5 cxd5 4. c4 e6 5. Nc3 Nf6 6. Nf3 Nc6 7. Bg5 Be7 8.
c5 O-O 9. Bb5 h6 10. Bh4 Ne4 11. Bxe7 Nxc3 12. Bxd8 Nxd1 13. Rxd1 Rxd8 14.
O-O Bd7 15. a3 a6 16. Ba4 Rab8 17. Bc2 b6 18. b4 a5 19. b5 Na7 20. c6 Rdc8
21. a4 Nxc6 22. bxc6 Rxc6 23. Bd3 Rc3 24. Ne5 Bxa4 25. Rc1 Rbc8
{Game drawn by mutual agreement}
1/2-1/2

[Event "ICC tourney 2148 (70 10)"]
[Site "Internet Chess Club"]
[Date "2020.11.22"]
[Round "5"]
[White "mytoyoweta"]
[Black "AlexRashkovan"]
[Result "0-1"]
[ICCResult "White resigns"]
[WhiteElo "1057"]
[BlackElo "852"]
[Opening "Giuoco Piano"]
[ECO "C50"]
[NIC "IG.02"]
[Time "16:08:29"]
[TimeControl "4200+10"]

1. e4 e5 2. Nf3 Nc6 3. Bc4 Bc5 4. h3 Nf6 5. d3 h6 6. Nc3 d6 7. Na4 Bb6 8.
Nxb6 axb6 9. a3 O-O 10. Nh2 Na5 11. Ba2 Be6 12. c4 Qd7 13. O-O Nc6 14. Be3
Nd4 15. Bxd4 exd4 16. f4 Qe7 17. f5 Bd7 18. Nf3 c5 19. Re1 Nh7 20. Qd2 Rfe8
21. b4 Rxa3 22. bxc5 bxc5 23. Reb1 Bc6 24. Rb3 Rea8 25. Rxa3 Rxa3 26. Ne1
Qg5 27. Rd1 Qg3 28. Bb1 Ng5 29. Qf2 Nxh3+ {White resigns} 0-1

[Event "ICC tourney 2148 (70 10)"]
[Site "Internet Chess Club"]
[Date "2020.11.22"]
[Round "5"]
[White "Jcscake"]
[Black "Tanvi02"]
[Result "1-0"]
[ICCResult "Black checkmated"]
[WhiteElo "1129"]
[BlackElo "820"]
[Opening "Giuoco Pianissimo"]
[ECO "C50"]
[NIC "IG.02"]
[Time "16:08:55"]
[TimeControl "4200+10"]

1. e4 e5 2. Nf3 Nc6 3. Bc4 Bc5 4. d3 Nf6 5. Bg5 Be7 6. Nc3 d6 7. h3 h6 8.
Be3 O-O 9. O-O Be6 10. Bb5 a6 11. Bxc6 bxc6 12. d4 Rb8 13. Rb1 exd4 14. Nxd4
Bc4 15. Re1 Qd7 16. Qf3 c5 17. Nf5 Rfe8 18. Qg3 g6 19. Nxh6+ Kh7 20. Ng4 Nh5
21. Qf3 c6 22. e5 dxe5 23. Nxe5 Qe6 24. Nxc4 Qxc4 25. Qxc6 Rbc8 26. Qd5 Qxd5
27. Nxd5 Bd6 28. g4 Re5 29. gxh5 Rxd5 30. hxg6+ fxg6 31. Rbd1 Rxd1 32. Rxd1
Be5 33. c3 Rb8 34. Rb1 a5 35. Bxc5 Rh8 36. Bd4 Re8 37. Bxe5 Rxe5 38. Kg2 Kh6
39. b4 Kh5 40. b5 Re8 41. b6 Rb8 42. b7 Kg5 43. Kg3 Kf6 44. Kg4 Ke6 45. Kg5
Kd7 46. Kxg6 Kc7 47. h4 Rxb7 48. Rxb7+ Kxb7 49. h5 Kc7 50. h6 Kc6 51. h7 Kc5
52. h8=Q Kc4 53. Qd4+ Kb5 54. f4 a4 55. f5 a3 56. f6 Kc6 57. f7 Kc7 58. f8=Q
Kc6 59. Qfd6+ Kb5 60. Q4b4# {Black checkmated} 1-0

[Event "ICC tourney 2148 (70 10)"]
[Site "Internet Chess Club"]
[Date "2020.11.22"]
[Round "5"]
[White "Phoenix25"]
[Black "leonvarghese"]
[Result "1-0"]
[ICCResult "Black checkmated"]
[WhiteElo "296"]
[BlackElo "360"]
[Opening "Giuoco Piano"]
[ECO "C50"]
[NIC "IG.02"]
[Time "16:08:00"]
[TimeControl "4200+10"]

1. e4 e5 2. Nf3 Nc6 3. Bc4 Bc5 4. O-O Nh6 5. Nc3 Nb4 6. a3 Nc6 7. d3 Ng4 8.
d4 exd4 9. Ne2 d6 10. Ng5 d5 11. Bxd5 Nce5 12. Bf4 c6 13. Bb3 O-O 14. Ng3 b6
15. Nh3 Be6 16. Bxe6 fxe6 17. Bxe5 Nxe5 18. Qc1 Be7 19. Nh5 d3 20. c3 d2 21.
Qc2 Rc8 22. Rad1 Nc4 23. Ng3 Rc7 24. b3 Nxa3 25. Qb2 Qd3 26. c4 Bb4 27. Nh5
a5 28. Ng5 Re8 29. Rfe1 dxe1=Q+ 30. Rxe1 Bxe1 31. h3 Bc3 32. Qxa3 Be5 33.
Ng3 Qd1+ 34. Kh2 Bxg3+ 35. fxg3 Rd8 36. Nxe6 Rd2 37. Qf8# {Black checkmated}
1-0

[Event "ICC tourney 2148 (70 10)"]
[Site "Internet Chess Club"]
[Date "2020.11.22"]
[Round "5"]
[White "Jaguar-92"]
[Black "JaiO"]
[Result "0-1"]
[ICCResult "White checkmated"]
[WhiteElo "1093"]
[BlackElo "1020"]
[Opening "Scotch: Schmidt variation"]
[ECO "C45"]
[NIC "SO.04"]
[Time "16:07:58"]
[TimeControl "4200+10"]

1. e4 e5 2. Nf3 Nc6 3. d4 exd4 4. Nxd4 Nf6 5. Nc3 Bb4 6. Nxc6 bxc6 7. Bd3 d6
8. h3 O-O 9. O-O Re8 10. Bg5 d5 11. exd5 Bxc3 12. bxc3 cxd5 13. Bb5 Re6 14.
Re1 Bd7 15. Rxe6 Bxe6 16. Rb1 h6 17. Bxf6 Qxf6 18. Bc6 Rd8 19. Qd4 Qg6 20.
Qd3 Bf5 21. Qg3 Qxc6 22. Re1 Bxc2 23. Re7 Qd6 24. Rxc7 Qxg3 25. fxg3 a6 26.
Ra7 Bd3 27. Kf2 Rc8 28. Rd7 Be4 29. Rd6 Rxc3 30. Rxa6 d4 31. Ke1 Bxg2 32. h4
d3 33. Kd2 Rc8 34. Ra3 Be4 35. Rc3 Rxc3 36. Kxc3 Kf8 37. a4 Ke8 38. a5 Kd8
39. a6 Kc7 40. a7 Kb7 41. a8=Q+ Kxa8 42. g4 Kb7 43. g5 hxg5 44. hxg5 Kc6 45.
Kd2 Kd5 46. Ke3 Ke5 47. g6 Bxg6 48. Kd2 Kd4 49. Ke1 Ke3 50. Kf1 d2 51. Kg1
d1=Q+ 52. Kh2 Qh5+ 53. Kg1 Qe2 54. Kh1 Be4+ 55. Kg1 Qg2# {White checkmated}
0-1

[Event "ICC tourney 2148 (70 10)"]
[Site "Internet Chess Club"]
[Date "2020.11.22"]
[Round "5"]
[White "akhilv"]
[Black "LeoBerkson"]
[Result "0-1"]
[ICCResult "White checkmated"]
[WhiteElo "942"]
[BlackElo "1186"]
[Opening "Ruy Lopez: Berlin defense, Beverwijk variation"]
[ECO "C64"]
[NIC "RL.01"]
[Time "16:08:30"]
[TimeControl "4200+10"]

1. e4 e5 2. Nf3 Nc6 3. Bb5 Bc5 4. O-O Nf6 5. Nc3 O-O 6. d3 d6 7. Bg5 h6 8.
Bxf6 Qxf6 9. Nd5 Qd8 10. h3 Nd4 11. Nxd4 Bxd4 12. Nc3 a5 13. a4 Qg5 14. Qf3
Be6 15. Bc4 Bd7 16. Rfb1 c6 17. Ne2 Bb6 18. c3 Kh7 19. d4 f5 20. exf5 Rxf5
21. Bd3 Rf8 22. Ng3 g6 23. Nxf5 gxf5 24. Qg4 Qf6 25. dxe5 Qxe5 26. Re1 Qf6
27. Bc2 Kh8 28. Qf4 Rg8 29. Kf1 Be6 30. Qxd6 Bc4+ 31. Bd3 Qxd6 32. Bxc4 Qc5
33. Re3 Qxc4+ 34. Kg1 Bxe3 35. fxe3 Qe2 36. g4 Qxe3+ 37. Kh2 Qf2+ 38. Kh1
Qg3 39. Rf1 fxg4 40. Rf8 Rxf8 41. b4 Rf1# {White checkmated} 0-1

[Event "ICC tourney 2148 (70 10)"]
[Site "Internet Chess Club"]
[Date "2020.11.22"]
[Round "5"]
[White "SimonDeng"]
[Black "apiguponarock"]
[Result "1-0"]
[ICCResult "Black resigns"]
[WhiteElo "1127"]
[BlackElo "839"]
[Opening "Giuoco Piano"]
[ECO "C53"]
[NIC "IG.02"]
[Time "16:08:31"]
[TimeControl "4200+10"]

1. e4 e5 2. Nf3 Nc6 3. Bc4 Bc5 4. c3 d6 5. d4 exd4 6. cxd4 Bb4+ 7. Nc3 Bg4
8. h3 Bh5 9. g4 Bg6 10. Bd2 Nf6 11. d5 Ne5 12. Nxe5 dxe5 13. Qa4+ Qd7 14.
Qxb4 O-O-O 15. f3 c6 16. O-O-O cxd5 17. Qc5+ Kb8 18. Be3 b6 19. Qb4 Qc6 20.
Bb5 Qe6 21. Bf2 d4 22. Bc4 a5 23. Qb5 Qd6 24. Bg3 Nd7 25. Kb1 Nc5 26. Bxe5
Qxe5 27. Qxb6+ Nb7 28. Ba6 Qc7 29. Qxc7+ Kxc7 30. Ne2 Nc5 31. Bc4 Nxe4 32.
fxe4 Bxe4+ 33. Kc1 Bxh1 34. Rxh1 d3 35. Nc3 Rd7 36. Kd2 Rhd8 37. Rf1 f6 38.
Rf3 Rb8 39. b3 Kc6 40. a4 Kc5 41. Ne4+ Kb4 42. Bxd3 Rc8 43. Ke2 Re7 44. Kf2
Rcc7 45. Nd2 Rc3 46. Rf4+ Ka3 47. Nb1+ Kb2 48. Nxc3 Kxc3 49. Bxh7 Kxb3 50.
Re4 Rc7 51. Bg8+ Ka3 52. Kg3 Rc3+ 53. Kh4 g5+ 54. Kh5 Rxh3+ 55. Kg6 Rf3 56.
Be6 Rf4 57. Rxf4 gxf4 58. Kxf6 f3 59. g5 Kxa4 60. g6 f2 61. Bh3 Kb4 62. g7
a4 63. g8=Q a3 64. Qb8+ Kc3 65. Qg3+ Kb2 66. Qxf2+ {Black resigns} 1-0

[Event "ICC tourney 2148 (70 10)"]
[Site "Internet Chess Club"]
[Date "2020.11.22"]
[Round "5"]
[White "redcloudatlas"]
[Black "Maximusiv"]
[Result "0-1"]
[ICCResult "White checkmated"]
[WhiteElo "101"]
[BlackElo "1044"]
[Opening "Scandinavian (center counter) defense"]
[ECO "B01"]
[NIC "VO.17"]
[Time "16:08:37"]
[TimeControl "4200+10"]

1. e4 d5 2. Nc3 d4 3. Nd5 c6 4. Nf4 e5 5. Nd3 Bd6 6. f3 Nf6 7. Ne2 Nh5 8. g4
Qh4+ 9. Nf2 Nf6 10. d3 g5 11. c3 Be6 12. cxd4 exd4 13. Nxd4 Bc5 14. Be3 Nbd7
15. Qc2 O-O-O 16. O-O-O Bxa2 17. Nf5 Bxe3+ 18. Nxe3 Qh6 19. Nf5 Qf8 20. Qa4
Qc5+ 21. Qc2 Qb6 22. Nh3 Bb3 23. Qc3 Bxd1 24. Qxf6 Nxf6 25. Kxd1 Qxb2 26.
Ne7+ Kd7 27. Nf5 h6 28. f4 Nxe4 29. fxg5 Qd2# {White checkmated} 0-1